AoeStats
← Undead

Arena

510407616Analyzed
3v3 RM · 16h ago on Sep 30, 2026· 29m 27s· 6 players
Game mode
Random Map
Map size
Normal (6 player)
Population
200
Speed
Normal
Resources
Standard
Victory
Conquest
Starting age
Dark Age
Ending age
Imperial Age
RankedLock teamsTeams togetherTeam positionsShared explorationLock speedFull tech treeHidden civsTurbo modeCheats
Victory
Defeat
🇬🇹 Ethiopians · Guatemala
1083
+15
🇩🇴 Burgundians · Dominican Republic
1059
+16
🇪🇸 Byzantines · Spain
1015
+18
🇮🇳 Goths · India
1354
-27
🇮🇳 Saracens · India
923
-32
🇮🇳 Bengalis · India
919
-11
FeherFarkas
12:48 Feudal Age
13:05 Man-at-Arms
13:36 Arson
14:31 Scale Mail Armor
15:43 Double-Bit Axe
18:32 Loom
21:11 Castle Age
20:43 Forging
21:16 Long Swordsman
22:26 Bow Saw
22:23 Squires
22:40 Chain Mail Armor
22:22 Gold Mining
23:47 Horse Collar
28:58 Iron Casting
faraon_1430
12:36 Feudal Age
16:19 Castle Age
16:07 Double-Bit Axe
17:11 Loom
17:40 Horse Collar
19:10 Bow Saw
19:45 Forging
19:17 Cavalier
26:56 Scale Barding Armor
28:56 Wheelbarrow
NathiousEsp
0:27 Loom
12:08 Feudal Age
13:31 Horse Collar
17:50 Castle Age
16:13 Double-Bit Axe
18:10 Wheelbarrow
17:32 Stone Mining
Degenereat Potato
11:32 Feudal Age
16:26 Castle Age
14:43 Horse Collar
14:50 Double-Bit Axe
16:40 Loom
25:47 Bow Saw
26:09 Heavy Plow
29:29 Imperial Age
Undead
8:34 Loom
10:35 Feudal Age
15:16 Castle Age
13:44 Double-Bit Axe
13:51 Horse Collar
18:04 Fletching
20:01 Man-at-Arms
DiguMX
6:50 Loom
15:32 Feudal Age
16:53 Horse Collar
19:42 Castle Age
19:15 Double-Bit Axe
21:58 Pikeman
Connection lost

Rejoining the realm…

Still unreachable

The connection could not be restored.

Session expired

The server has moved on; the page needs a fresh start.